 Dungeon Crawl Stone Soup version 0.29.1-12-g30fa7ad0bf (webtiles) character file.

Game seed: 14130901980712721665

219 Gabide the Ruffian (level 5, 0/42 HPs)
             Began as a Mummy Berserker on Dec 26, 2022.
             Was a Priest of Trog.
             Slain by an ufetubus (3 damage)
             ... on level 4 of the Dungeon.
             The game lasted 00:04:24 (4389 turns).

Gabide the Ruffian (Mummy Berserker)                Turns: 4389, Time: 00:04:25

Health: 0/42       AC:  3    Str: 22    XL:     5   Next: 64%
Magic:  5/5        EV: 12    Int: 13    God:    Trog [***...]
Gold:   213        SH:  0    Dex: 17    Spells: 4/4 levels left

rFire   x . .      SeeInvis .   k - +1 dagger (venom)
rCold   + . .      Faith    .   (no shield)
rNeg    + + +      Spirit   .   e - +0 leather armour
rPois   ∞          Reflect  .   (no helmet)
rElec   .          Harm     .   (no cloak)
rCorr   .          Rampage  .   (no gloves)
Will    ++...                   (no boots)
Stlth   +.........              (no amulet)
HPRegen 1.14/turn               f - +6 ring of dexterity
MPRegen 0.09/turn               i - +6 ring of intelligence

@: strong-willed, regenerating
A: cold resistance 1, negative energy resistance 3, torment resistance 2, heat
vulnerability 1, in touch with death 1, no potions
a: Renounce Religion, Trog's Hand


You were on level 4 of the Dungeon.
You worshipped Trog.
Trog was most pleased with you.
You visited 1 branch of the dungeon, and saw 4 of its levels.

You collected 213 gold pieces.

Inventory:

Hand Weapons
 k - a +1 dagger of venom (weapon)
Missiles
 d - a poisoned dart (quivered)
 j - 3 javelins
Armour
 e - a +0 leather armour (worn)
Jewellery
 f - a +6 ring of dexterity (left hand)
 i - a +6 ring of intelligence (right hand)
Scrolls
 a - 2 scrolls of vulnerability
 b - 2 scrolls of immolation
 g - a scroll of poison
 l - a scroll of teleportation


   Skills:
 + Level 4.1 Fighting
 - Level 1.5 Armour
 + Level 2.7 Dodging
 * Level 4.1 Unarmed Combat


You had 4 spell levels left.
You didn't know any spells.
Your spell library was empty.

Dungeon Overview and Level Annotations

Branches:
Dungeon (4/15)
 Temple: D:4-7

Altars:
Wu Jian

Shops:
D:2 (


Innate Abilities, Weirdness & Mutations

You are immune to poison.
Your flesh is cold resistant. (rC+)
You are immune to negative energy. (rN+++)
You are immune to unholy pain and torment.
You are vulnerable to heat. (rF-)
You are in touch with the powers of death.
You do not drink.


Message History

The hobgoblin attacks as you move away! The hobgoblin hits you.
You are too injured to fight recklessly!
You hit the hobgoblin but do no damage.
The hobgoblin is poisoned.
The hobgoblin closely misses you.
You barely miss the hobgoblin.
The hobgoblin is moderately wounded.
The hobgoblin misses you.
You hit the hobgoblin.
The hobgoblin is heavily wounded.
The hobgoblin hits you.
* * * LOW HITPOINT WARNING * * *
You closely miss the hobgoblin.
The hobgoblin is heavily wounded.
The hobgoblin closely misses you.
You barely miss the hobgoblin.
The hobgoblin is heavily wounded.
You kill the hobgoblin!
Trog accepts your kill. The ufetubus hits you.
* * * LOW HITPOINT WARNING * * *
The ufetubus hits you but does no damage.
You miss the ufetubus. The ufetubus hits you.
* * * LOW HITPOINT WARNING * * *
The ufetubus barely misses you.
You barely miss the ufetubus. Your punch misses the ufetubus.
The ufetubus completely misses you. The ufetubus hits you.
* * * LOW HITPOINT WARNING * * *
The ufetubus hits you.
* * * LOW HITPOINT WARNING * * *
The ufetubus hits you.
* * * LOW HITPOINT WARNING * * *
Your skin crawls.
You feel strong-willed.
The ufetubus hits you but does no damage.
The ufetubus hits you.
* * * LOW HITPOINT WARNING * * *
The ufetubus misses you. The ufetubus barely misses you.
The ufetubus attacks as you move away! The ufetubus closely misses you.
The ufetubus hits you.
You die...

###.#+# #.....# +..†..##+##
#.....#...# . #####.#'#...#+#
# .# +...'.#.......#
.####.### ###...#####...###
......... #.......#.'...'.#
#........
#+#)..#+#.#####@#####........
## #...#.....#
#.5...'........ . ##'##.....#
#####.#†....## #.#..##.....#
#.#.....# .#.#.###+#.###
#.#.....# ....>....#.+.#
#.#.....# .#.#.....###.#
#.#....... .............#
..#.....### .#.#####.##.##
#.####.##


You could see an ufetubus.

Vanquished Creatures
  A howler monkey (D:4)
  A hound (D:4)
  Jessica (D:2)
  An orc wizard (D:3)
  An adder (D:3)
  5 dart slugs
  3 orcs (D:3)
  6 bats
  4 endoplasms
  3 giant cockroaches
  12 goblins
  10 hobgoblins
  4 jackals
  5 kobolds
  6 quokkas
  5 ball pythons
  A frilled lizard (D:2)
  3 rats
72 creatures vanquished.

Notes
Turn   | Place    | Note
-------+----------+-------------------------------------------
     0 | D:1      | Gabide the Mummy Berserker began the quest for the Orb.
     0 | D:1      | Reached XP level 1. HP: 18/18 MP: 1/1
   562 | D:1      | Reached XP level 2. HP: 22/24 MP: 2/2
   791 | D:1      | Found a faded altar of an unknown god.
  1111 | D:1      | Reached ** piety under Trog
  1114 | D:1      | Gained mutation: You are in touch with the powers of death.
                  | [Mummy growth]
  1114 | D:1      | Reached XP level 3. HP: 27/29 MP: 3/3
  2154 | D:2      | Noticed Jessica
  2165 | D:2      | Killed Jessica
  2166 | D:2      | Reached XP level 4. HP: 24/35 MP: 4/4
  2780 | D:2      | Found Tavaofusm's Antique Weapon Shop.
  3215 | D:3      | Reached *** piety under Trog
  3344 | D:3      | Reached XP level 5. HP: 8/42 MP: 5/5
  4042 | D:3      | Found an ornate altar of the Wu Jian Council.
  4386 | D:4      | HP: 1/42 [ufetubus (3)]
  4389 | D:4      | Slain by an ufetubus

Illustrated notes

Levels and vault maps discovered:
D:1:      dpeg_arrival_water_fire, layout_loops_ring,
          hellmonk_ecumenical_altar_blasted, minmay_misc_feat_enclosed
D:2:      layout_basic, serial_shops, nicolae_shop_trees,
          minmay_stone_trees_small, uniq_jessica
D:3:      layout_loops_ring, chequers_temple_overflow_statue_of_worship,
          portal_sewer_entry_f, hex_large
D:4:      nicolae_cairo_tiling_large, layout_basic, serial_co_window_serial,
          co_window_paths_b, co_window_cross_1, co_window_paths_a,
          co_window_of_opportunity_a, co_window_corner_a, co_window_broadway_c,
          co_window_cross_2, glass_columns_c, glass_columns_c,
          guppyfry_early_orc_mine, uniq_edmund, uniq_duvessa

Skill      XL: |  1  2  3  4  5 |
---------------+----------------+-----
Dodging        | 2 |  2.7
Unarmed Combat | 3 4 |  4.1
Fighting       | 4 |  4.1
Armour         | |  1.5

Action                   |  1- 3 |  4- 6 || total
-------------------------+-------+-------++-------
Melee: Unarmed           |   139 |    53 ||   192
       Punch             |     2 |     5 ||     7
       Dagger            |       |    89 ||    89
Throw: Dart              |     4 |     6 ||    10
Invok: Trog's Hand       |       |     3 ||     3
  Use: Scroll            |       |     4 ||     4
 Stab: Sleeping          |     1 |       ||     1
Armor: Animal skin       |    20 |       ||    20
       Leather armour    |     5 |    29 ||    34
Dodge: Dodged            |    95 |   125 ||   220
